 Dungeon Crawl Stone Soup version 0.22-a0-355-g201945f (webtiles) character file.

444 Amnesiac the Conjurer (level 6, -2/38 HPs)
             Began as a Deep Elf Conjurer on Apr 17, 2018.
             Was a Follower of Vehumet.
             Slain by a sky beast (6 damage)
             ... on level 4 of the Dungeon.
             The game lasted 00:05:25 (4106 turns).

Amnesiac the Conjurer (Deep Elf Conjurer)           Turns: 4106, Time: 00:05:26

Health: -2/38      AC:  3    Str:  5    XL:     6   Next: 72%
Magic:  2/13       EV: 14    Int: 22    God:    Vehumet [*.....]
Gold:   188        SH:  0    Dex: 15    Spells: 7/12 levels left

rFire    . . .     SeeInvis .   p - +2 dagger (venom)
rCold    . . .     Gourm    .   (no shield)
rNeg     . . .     Faith    .   a - +0 robe
rPois    .         Spirit   .   (no helmet)
rElec    .         Reflect  .   n - +0 cloak
rCorr    .         Harm     .   (no gloves)
MR       .....                  (no boots)
Stlth    ++........             (no amulet)
HPRegen  0.12/turn              (no ring)
MPRegen  0.13/turn              (no ring)

@: no status effects
A: no striking features
a: Renounce Religion


You were on level 4 of the Dungeon.
You worshipped Vehumet.
Vehumet was aware of your devotion.
You were not hungry.

You visited 1 branch of the dungeon, and saw 4 of its levels.

You collected 188 gold pieces.

Inventory:

Hand Weapons
 p - a +2 dagger of venom (weapon)
Armour
 a - a +0 robe (worn)
 n - a +0 cloak (worn)
Jewellery
 r - an uncursed ring of protection from magic {unknown}
Scrolls
 b - 4 scrolls of identify {!r, unknown}
 h - 2 scrolls of fog {!r, unknown}
 i - a scroll of blinking {!r, unknown}
 j - a scroll of remove curse {!r, unknown}
 m - a scroll of magic mapping {!r, unknown}
 o - 2 scrolls of teleportation {!r, unknown}
Potions
 d - 5 potions of curing {!q, unknown}
 e - a potion of brilliance {!q, unknown}
 f - 4 potions of heal wounds {!q}
 g - a potion of mutation {!q, unknown}
 k - a potion of flight {!q, unknown}
 l - a potion of might {!q, unknown}
 q - a potion of invisibility {!q, unknown}
Comestibles
 c - 10 rations
 s - 3 chunks of flesh


   Skills:
 - Level 4.0 Fighting
 - Level 4.0 Dodging
 - Level 2.4 Stealth
 + Level 3.7 Spellcasting
 * Level 5.9 Conjurations


You had 7 spell levels left.
You knew the following spells:

 Your Spells              Type           Power        Failure   Level  Hunger
a - Iskenderun's Mystic   Conj           ####....     10%         4    ####...
d - Magic Dart            Conj           ####         1%          1    None


Dungeon Overview and Level Annotations

Branches:
Dungeon (4/15)
 Temple: D:4-7

Altars:
Dithmenos
Okawaru
Vehumet
Zin
The Shining One


Message History

Casting: Iskenderun's Mystic Blast (safe; 10% risk of failure)
Confirm with . or Enter, or press ? or * to list all spells.
You don't have enough magic to cast that spell.
Casting: Iskenderun's Mystic Blast (safe; 10% risk of failure)
Confirm with . or Enter, or press ? or * to list all spells.
You don't have enough magic to cast that spell.
Casting: Iskenderun's Mystic Blast (safe; 10% risk of failure)
Confirm with . or Enter, or press ? or * to list all spells.
You don't have enough magic to cast that spell.
Casting: Iskenderun's Mystic Blast (safe; 10% risk of failure)
Confirm with . or Enter, or press ? or * to list all spells.
You don't have enough magic to cast that spell.
Casting: Iskenderun's Mystic Blast (safe; 10% risk of failure)
Confirm with . or Enter, or press ? or * to list all spells.
Aiming: Iskenderun's Mystic Blast (safe; 10% risk of failure)
Press: ? - help, Shift-Dir - straight line, f - howler monkey skeleton
Aim: a howler monkey skeleton The orb of energy hits the howler monkey skeleton.
The howler monkey skeleton is heavily damaged.
The orb of energy explodes!
You hear an angry hiss.
You barely miss the howler monkey skeleton.
The howler monkey skeleton is heavily damaged.
The howler monkey skeleton barely misses you.
You hit the howler monkey skeleton.
The howler monkey skeleton is heavily damaged.
The howler monkey skeleton misses you.
You hit the howler monkey skeleton.
The howler monkey skeleton is severely damaged.
The howler monkey skeleton misses you.
A leopard gecko comes into view.
The leopard gecko hisses angrily.
You hit the howler monkey skeleton.
The howler monkey skeleton is severely damaged.
The howler monkey skeleton barely misses you.
You hit the howler monkey skeleton but do no damage.
The howler monkey skeleton is severely damaged.
The howler monkey skeleton hits you.
You hit the howler monkey skeleton.
The howler monkey skeleton is almost destroyed.
The howler monkey skeleton closely misses you.
You hit the howler monkey skeleton.
You destroy the howler monkey skeleton!
Vehumet accepts your kill. The leopard gecko closely misses you.
You hit the sky beast but do no damage.
The sky beast is poisoned.
The sky beast hits you. The sky beast shocks you.
* * * LOW HITPOINT WARNING * * *
You miss the sky beast.
The sky beast is lightly wounded.
The sky beast hits you.
* * * LOW HITPOINT WARNING * * *
The sky beast shocks you.
* * * LOW HITPOINT WARNING * * *
The sky beast misses you.
You hit the sky beast.
The sky beast looks as sick as possible!
The sky beast is moderately wounded.
The leopard gecko bites you.
* * * LOW HITPOINT WARNING * * *
The leopard gecko barely misses you. The sky beast hits you.
* * * LOW HITPOINT WARNING * * *
The sky beast shocks you.
You die...

#.....##.###.#.##...>......
#........#...#.............
#.....#.........#..........
##.....#.##.####.######.....
#........##.# #.# #...##
#.#####..##.# #.# #...#
#.#####..##.# .<. #...#
#.....))..l.##.#.# #...#
#.##)##...Y@.....#
#....##.######.###
.#####)...>[.#
.......#####.#
######.......# ##..#####
##.#### #....# .
#.##.####....


You could see a sky beast and a leopard gecko.

Vanquished Creatures
  A phantom (D:2)
  A water moccasin skeleton (D:4)
  A bullfrog skeleton (D:4)
  An orc priest (D:4)
  Ijyb (D:3)
  An orc wizard (D:3)
  A worker ant (D:4)
  A howler monkey skeleton (D:4)
  A gnoll (D:2)
  8 adders
  An ooze (D:1)
  2 worms (D:2)
  2 dart slugs
  7 orcs
  4 giant cockroaches
  11 goblins
  A hobgoblin (D:2)
  2 jackals (D:2)
  6 kobolds
  9 bats
  7 frilled lizards
  4 rats
73 creatures vanquished.

Notes
Turn   | Place    | Note
-------+----------+-------------------------------------------
     0 | D:1      | Amnesiac the Deep Elf Conjurer began the quest for the Orb.
     0 | D:1      | Reached XP level 1. HP: 10/10 MP: 6/6
    44 | D:1      | Reached skill level 1 in Fighting
   118 | D:1      | Reached XP level 2. HP: 16/16 MP: 2/8
   834 | D:2      | Reached XP level 3. HP: 21/21 MP: 5/9
  1155 | D:2      | Found a glowing golden altar of the Shining One.
  1159 | D:2      | Found a shadowy altar of Dithmenos.
  1575 | D:2      | Found a glowing silver altar of Zin.
  1640 | D:2      | Reached XP level 4. HP: 20/27 MP: 0/10
  2054 | D:2      | Noticed a phantom
  2139 | D:2      | Killed a phantom
  2139 | D:2      | Reached XP level 5. HP: 20/32 MP: 0/11
  2430 | D:2      | Found a radiant altar of Vehumet.
  2430 | D:2      | Found an iron altar of Okawaru.
  2431 | D:2      | Reached skill level 5 in Conjurations
  2443 | D:2      | Became a worshipper of Vehumet
  2585 | D:3      | Noticed Ijyb
  2625 | D:3      | Learned a level 4 spell: Iskenderun's Mystic Blast
  2764 | D:3      | Paralysed by Ijyb for 3 turns
  2804 | D:3      | Paralysed by Ijyb for 7 turns
  2823 | D:3      | Paralysed by Ijyb for 7 turns
  2840 | D:3      | Paralysed by Ijyb for 7 turns
  2866 | D:3      | Killed Ijyb
  3318 | D:4      | Reached XP level 6. HP: 38/38 MP: 6/12
  4059 | D:4      | Reached * piety under Vehumet
  4059 | D:4      | Offered knowledge of Flame Tongue by Vehumet.
  4078 | D:4      | Noticed a sky beast
  4106 | D:4      | Slain by a sky beast

Vault maps used:
D:1:      lightli_molten_gateway
D:2:      gammafunk_temple_overflow_pools, zin_statuary,
          chequers_temple_overflow_statue_of_worship, minmay_tromino_v7
D:3:      first_ration, uniq_ijyb
D:4:      minmay_close_crescents

Skill      XL: |  1  2  3  4  5  6 |
---------------+-------------------+-----
Fighting       | 1 2 3 4 |  4.0
Dodging        | 3 4 |  4.0
Conjurations   | 5 |  5.9
Stealth        | |  2.4
Spellcasting   | |  3.7

Action                   |  1- 3 |  4- 6 || total
-------------------------+-------+-------++-------
Melee: Unarmed           |       |    14 ||    14
       Dagger            |       |    56 ||    56
 Cast: Magic Dart        |    91 |   107 ||   198
       Iskenderun's Myst |       |    10 ||    10
  Eat: Chunk             |     2 |    10 ||    12
Armor: Robe              |     2 |    20 ||    22
Dodge: Dodged            |    10 |    71 ||    81

Table legend:
 A = Spawn XP
 B = Non-spawn XP
 C = Spawn XP percentage of total XP
 D = Spawn monster count
 E = Non-spawn monster count
 F = Spawn count percentage of total count
 G = Total turns spent on level
                    A         B        C        D         E        F      G
               +---------+---------+-------+---------+---------+-------+---------
         Total |       0 |     635 |   0.0 |       0 |      73 |   0.0 |  4106
               +---------+---------+-------+---------+---------+-------+---------
           D:1 |       0 |      36 |   0.0 |       0 |      19 |   0.0 |  1126
           D:2 |       0 |     238 |   0.0 |       0 |      27 |   0.0 |  1374
           D:3 |       0 |     102 |   0.0 |       0 |      11 |   0.0 |   813
           D:4 |       0 |     259 |   0.0 |       0 |      16 |   0.0 |   793
               +---------+---------+-------+---------+---------+-------+---------
